 Dungeon Sprint DCSS version 0.17-a0-1504-gb7d9117 (webtiles) character file.

121 nuthulu the Grappler (level 5, -1/53 HPs)
             Began as a Ghoul Monk on July 8, 2015.
             Was a Believer of Makhleb.
             Slain by a troll (5 damage)
             ... in the Dungeon (Sprint IX: "|||||||||||||||||||||||||||||").
             The game lasted 00:01:01 (218 turns).

nuthulu the Grappler (Ghoul Monk)                    Turns: 218, Time: 00:01:02

Health: -1/53      AC: 11    Str: 19    XL:     5   Next: 5%
Magic:  4/4        EV:  6    Int:  5    God:    Makhleb [**....]
Gold:   0          SH:  0    Dex: 14    Spells: 0 memorised, 4 levels left

rFire  . . .     SeeInvis .       - Unarmed
rCold  + . .     Clarity  .     n - +0 plate armour
rNeg   + + +     SustAt   .     (no shield)
rPois  ∞         Gourm    .     (no helmet)
rElec  .         Spirit   .     m - +0 cloak
rCorr  .         Warding  .     (no gloves)
rMut   .         NoTele   +     (no boots)
MR     .....                    (no amulet)
Stlth  ..........               p - +3 ring of strength
                                o - +3 ring of dexterity

@: rotting, not resistant to hostile enchantments, extremely unstealthy
A: rotting body, claws 1, carnivore 3, cold resistance 1, negative energy
resistance 3, slow healing 1, torment resistance, unbreathing
a: Minor Destruction, Renounce Religion


You were in the Dungeon.
You worshipped Makhleb.
Makhleb was pleased with you.
You were not hungry.

You visited 1 branch

Inventory:

Armour
 a - a +0 robe
 m - a +0 cloak (worn)
 n - a +0 plate armour (worn)
Jewellery
 o - a +3 ring of dexterity (left claw)
 p - a +3 ring of strength (right claw)
Magical devices
 l - a wand of draining (7)
Scrolls
 h - 2 scrolls of blinking
 j - 3 scrolls of remove curse
 k - 2 scrolls of amnesia
Potions
 c - 5 potions of curing
 d - 3 potions of heal wounds
 e - a potion of haste
 f - 4 potions of magic
 g - a potion of berserk rage
 i - a potion of invisibility
Comestibles
 b - a meat ration


   Skills:
 + Level 7.7 Fighting
 - Level 3.2 Dodging
 - Level 2.1 Stealth
 + Level 8.6 Unarmed Combat


You had 4 spell levels left.
You didn't know any spells.

Dungeon Overview and Level Annotations

Branches:
Dungeon (1/1)

Altars:
Cheibriados
Dithmenos
Elyvilon
Fedhas
Gozag
Kikubaaqudgha
Makhleb
Nemelex Xobeh
Okawaru
Qazlal
Ru
Sif Muna
Trog
Vehumet
Xom
Yredelemnul
Zin
The Shining One
Beogh
Jiyva
Lugonu


Innate Abilities, Weirdness & Mutations

Your body is rotting away.
You thrive on raw meat.
You are immune to poison.
You have sharp fingernails.
You are carnivorous and can eat meat at any time.
Your flesh is cold resistant.
You are immune to negative energy.
You heal slowly when monsters are visible.
You are immune to unholy pain and torment.
You can survive without breathing.


Message History

You feel stronger.
You scratch the troll.
The troll begins to bleed from its wounds!
The troll is lightly wounded.
The troll bites you! The troll claws you. The troll claws you.
You scratch the troll.
The troll is lightly wounded.
The gnoll hits you but does no damage. The troll barely misses you.
The troll claws you. The troll barely misses you.
Use which ability? (? or * to list)
Press: ? - help, Shift-Dir - straight line, f - troll
Aim: a troll (lightly wounded, bleeding)
The zap misses the troll.
The zap misses the gnoll.
The zap hits the ogre.
The ogre is lightly wounded.
You feel slightly more hungry. The troll bites you!
* * * LOW HITPOINT WARNING * * *
The troll claws you.
* * * LOW HITPOINT WARNING * * *
The troll claws you.
You die... ▓▓▓▓▓▓▓▓▓▓▓▓▓▓▓▓▓▓▓▓▓▓▓▓▓ ....O.gT@.[.)|..'________ ▓▓▓▓▓▓▓▓▓▓▓▓▓▓▓▓▓▓▓▓▓▓▓▓▓

You could see a troll (bleeding), an ogre and a gnoll.

Vanquished Creatures
  A scorpion (D)
  A hound (D)
  A worker ant (D)
  An adder (D)
  An adder skeleton (D)
  A giant gecko (D)
  A bat (D)
  A bat zombie (D)
  2 hobgoblins (D)
  2 goblins (D)
  A rat (D)
13 creatures vanquished.

Notes
Turn   | Place    | Note
--------------------------------------------------------------
     0 | D        | nuthulu the Ghoul Monk began the quest for the Orb.
     0 | D        | Reached XP level 1. HP: 19/19 MP: 0/0
    12 | D        | Reached skill level 5 in Unarmed Combat
    83 | D        | Noticed a worker ant
    83 | D        | Noticed a hound
    90 | D        | Reached XP level 2. HP: 24/27 MP: 1/1
    95 | D        | Killed a hound
    95 | D        | Reached skill level 5 in Fighting
    95 | D        | Reached skill level 6 in Unarmed Combat
    95 | D        | Reached XP level 3. HP: 26/36 MP: 2/2
   108 | D        | Killed a worker ant
   108 | D        | Reached skill level 7 in Unarmed Combat
   108 | D        | Reached XP level 4. HP: 30/45 MP: 3/3
   140 | D        | Found a glowing silver altar of Zin.
   140 | D        | Found a glowing golden altar of the Shining One.
   140 | D        | Found an ancient bone altar of Kikubaaqudgha.
   140 | D        | Found a basalt altar of Yredelemnul.
   140 | D        | Found a shimmering altar of Xom.
   140 | D        | Found a radiant altar of Vehumet.
   141 | D        | Found an iron altar of Okawaru.
   142 | D        | Found a burning altar of Makhleb.
   143 | D        | Found a deep blue altar of Sif Muna.
   144 | D        | Found a bloodstained altar of Trog.
   145 | D        | Found a sparkling altar of Nemelex Xobeh.
   146 | D        | Found a white marble altar of Elyvilon.
   147 | D        | Found a roughly hewn altar of Beogh.
   148 | D        | Found a viscous altar of Jiyva.
   149 | D        | Found a corrupted altar of Lugonu.
   150 | D        | Became a worshipper of Makhleb the Destroyer
   150 | D        | Acquired Makhleb's first power
   150 | D        | Acquired Makhleb's second power
   151 | D        | Found a blossoming altar of Fedhas.
   152 | D        | Found a snail-covered altar of Cheibriados.
   153 | D        | Found a shadowy altar of Dithmenos.
   154 | D        | Found a stormy altar of Qazlal.
   155 | D        | Found an opulent altar of Gozag.
   156 | D        | Found a sacrificial altar of Ru.
   199 | D        | Noticed an ogre
   199 | D        | Noticed a troll
   199 | D        | Noticed a scorpion
   208 | D        | Killed a scorpion
   208 | D        | Reached skill level 8 in Unarmed Combat
   214 | D        | Reached XP level 5. HP: 39/53 MP: 4/4
   218 | D        | Slain by a troll

Vault maps used:
D:        linesprint

Action                   |  1- 3 |  4- 6 || total
-------------------------+-------+-------++-------
Melee: Unarmed           |    33 |    17 ||    50
Invok: Minor Destruction |       |     1 ||     1
 Stab: Sleeping          |     1 |       ||     1
  Eat: Chunk             |     3 |     2 ||     5
